 Dungeon Crawl Stone Soup version 0.20.1-1-g8b1a95d66d (webtiles) character file.

1129 Peloso the Slasher (level 8, -1/54 HPs)
             Began as a Halfling Fighter on Nov 23, 2017.
             Was a Follower of Okawaru.
             Slain by Menkaure (4 damage)
             ... on level 6 of the Dungeon.
             The game lasted 00:15:46 (5376 turns).

Peloso the Slasher (Halfling Fighter)               Turns: 5376, Time: 00:15:47

Health: -1/54      AC: 15    Str: 19    XL:     8   Next: 62%
Magic:  8/8        EV:  8    Int:  6    God:    Okawaru [*.....]
Gold:   102        SH: 12    Dex: 14    Spells: 7/7 levels left

rFire    + . .     SeeInvis .   a - +0 long sword
rCold    . . .     Gourm    .   c - +1 shield
rNeg     . . .     Faith    .   b - +4 chain mail
rPois    .         Spirit   .   (no helmet)
rElec    .         Reflect  .   (no cloak)
rCorr    .         Harm     .   g - +0 pair of gloves
MR       .....                  (no boots)
Stlth    ..........             (no amulet)
Regen    0.2/turn               p - ring of protection from fire
MPRegen  0.2/turn               (no ring)

@: no status effects
A: mutation resistance 1
a: Heroism, Renounce Religion


You were on level 6 of the Dungeon.
You worshipped Okawaru.
Okawaru was aware of your devotion.
You were hungry.

You visited 2 branches of the dungeon, and saw 7 of its levels.

You collected 184 gold pieces.
You spent 82 gold pieces at shops.

Inventory:

Hand Weapons
 a - a +0 long sword (weapon)
 r - a +2 short sword of flaming
Missiles
 m - 2 tomahawks of returning (quivered)
Armour
 b - a +4 chain mail (worn)
 c - a +1 shield (worn)
 g - a +0 pair of gloves (worn)
Jewellery
 p - a ring of protection from fire (left hand)
Wands
 A - a wand of polymorph (10/24)
Scrolls
 i - 3 scrolls of teleportation
 l - a scroll of enchant armour
 y - a scroll of fear
 B - 2 scrolls of summoning
Potions
 d - 5 potions of might
 o - 2 potions of haste
 s - a potion of brilliance
 t - a potion of experience {unknown}
 v - a potion of curing
 x - a potion of ambrosia {unknown}
 z - a potion of cancellation {unknown}
 C - a potion of heal wounds
Books
 j - a book of Minor Magic

   Spells                             Type                      Level
   a - Magic Dart                     Conjuration                  1
   b - Blink                          Translocation                2
   c - Call Imp                       Summoning                    2
   d - Slow                           Hexes                        2
   e - Conjure Flame                  Conjuration/Fire             3
   f - Mephitic Cloud                 Conjuration/Poison/Air       3
Comestibles
 f - 4 bread rations
 n - 3 fruits
 q - 2 meat rations


   Skills:
 + Level 4.3 Fighting
 + Level 6.5 Long Blades
 + Level 5.0 Armour
 + Level 2.0 Dodging
 + Level 0.2 Stealth
 + Level 6.0 Shields


You had 7 spell levels left.
You didn't know any spells.

Dungeon Overview and Level Annotations

Branches:
Dungeon (6/15)             Temple (1/1) D:4

Altars:
Fedhas
Okawaru
Qazlal
Ru
Trog
Vehumet
Xom
Zin
The Shining One

Shops:
D:5 (=!(*

Annotations:
D:6 Menkaure


Innate Abilities, Weirdness & Mutations

You are small and have problems with some larger weapons.
You are somewhat resistant to further mutation.


Message History

Menkaure is lightly damaged.
Menkaure hits you!
* * * LOW HITPOINT WARNING * * *
Menkaure calls on the powers of darkness!
You feel a surge of unholy energy.
You barely miss Menkaure.
Menkaure is lightly damaged.
You block Menkaure's attack.
You hit Menkaure but do no damage.
Menkaure is lightly damaged.
Menkaure closely misses you. You block Menkaure's attack.
You closely miss Menkaure.
Menkaure is lightly damaged.
Menkaure's bandages flutter.
Menkaure closely misses you.
You riposte.
You slash Menkaure!
Menkaure is heavily damaged.
You barely miss Menkaure.
Menkaure is heavily damaged.
Menkaure hits you.
You die...

### ..# ### ... ..#
##.#######.#####.#
#...$...........)# #
#..# #@# ##
#.##.:#######M###...#
#........††..........
###.<.#####...###.#..
........## #.###
#$####.## #.# #. ...
#. .... #. #....#


You could see Menkaure.

Vanquished Creatures
  A sky beast (D:6)
  An ogre (D:5)
  A phantom (D:3)
  A centaur (D:5)
  2 bullfrogs
  A scorpion (D:4)
  A crimson imp (D:5)
  4 hounds
  A centaur skeleton (D:5)
  4 orc wizards
  5 worker ants
  A hound skeleton (D:6)
  A worker ant zombie (D:6)
  7 adders
  A shadow imp (D:5)
  An adder skeleton (D:5)
  2 worms
  A dart slug (D:2)
  5 leopard geckos
  15 orcs
  4 bats
  4 giant cockroaches
  6 goblins
  7 hobgoblins
  15 jackals
  2 quokkas
  2 ball pythons (D:3)
  5 frilled lizards
  10 kobolds
  A leopard gecko skeleton (D:5)
  7 rats
119 creatures vanquished.

Notes
Turn   | Place    | Note
-------+----------+-------------------------------------------
     0 | D:1      | Peloso the Halfling Fighter began the quest for the Orb.
     0 | D:1      | Reached XP level 1. HP: 15/15 MP: 1/1
   215 | D:1      | Reached XP level 2. HP: 18/20 MP: 2/2
   990 | D:2      | Reached XP level 3. HP: 19/25 MP: 3/3
  1534 | D:2      | Reached XP level 4. HP: 31/31 MP: 4/4
  2283 | D:3      | Found a sacrificial altar of Ru.
  2285 | D:3      | Found a blossoming altar of Fedhas.
  2303 | D:3      | Reached XP level 5. HP: 36/36 MP: 5/5
  2869 | D:3      | Reached XP level 6. HP: 21/42 MP: 6/6
  2880 | D:3      | Reached skill level 1 in Dodging
  3230 | D:4      | Noticed a phantom
  3272 | D:3      | Killed a phantom
  3426 | D:4      | Reached XP level 7. HP: 46/46 MP: 7/7
  3626 | D:4      | Reached skill level 5 in Shields
  3639 | D:4      | Found a staircase to the Ecumenical Temple.
  4030 | D:4      | Reached skill level 5 in Long Blades
  4059 | Temple   | Entered the Ecumenical Temple
  4066 | Temple   | Became a worshipper of Warmaster Okawaru
  4513 | D:5      | Entered Level 5 of the Dungeon
  4513 | D:5      | Found Irew's Weapon Shoppe.
  4542 | D:5      | Found Buukahi's Jewellery Shop.
  4895 | D:5      | Found Oqetweg's Distillery.
  4907 | D:5      | Reached XP level 8. HP: 33/54 MP: 8/8
  4934 | D:5      | Bought a potion of heal wounds for 55 gold pieces
  4969 | D:5      | Found a shimmering altar of Xom.
  4980 | D:5      | Found Ykocwibu's Assorted Antiques.
  4981 | D:5      | Found Rubikoap's Antique Weapon Shop.
  5022 | D:5      | Bought a scroll labeled MOKAIM PEOH for 27 gold pieces
  5061 | D:5      | Reached skill level 5 in Armour
  5360 | D:6      | Reached * piety under Okawaru
  5361 | D:6      | Noticed Menkaure
  5372 | D:6      | HP: 2/54 [Menkaure (11)]
  5376 | D:6      | Slain by Menkaure

Skill      XL: |  1  2  3  4  5  6  7  8 |
---------------+-------------------------+-----
Fighting       | 3 4 |  4.3
Long Blades    | 3 4 5 6 |  6.5
Shields        | 4 5 6 |  6.0
Armour         | 4 5 |  5.0
Dodging        | 1 2 |  2.0
Stealth        | |  0.2

Action                   |  1- 3 |  4- 6 |  7- 9 || total
-------------------------+-------+-------+-------++-------
Melee: Long sword        |   104 |   189 |   276 ||   569
  Use: Scroll            |       |     6 |     8 ||    14
       Potion            |       |     2 |       ||     2
  Eat: Chunk             |     2 |     7 |     6 ||    15
Armor: Scale mail        |    34 |    15 |       ||    49
       Chain mail        |       |    95 |   134 ||   229
Dodge: Dodged            |    44 |    59 |    64 ||   167
Block: Shield            |    54 |   144 |   158 ||   356
       Rpst.: Long sword |    16 |    19 |    22 ||    57
